 Dungeon Crawl Stone Soup version 0.30-a0-737-gf23d94013f (webtiles) character file.

Game seed: 12283571964333033560

8 mopl the Sneak (level 2, 5/15 HPs)
             Began as a Vine Stalker Brigand on Feb 2, 2023.
             Quit the game on level 1 of the Dungeon.
             The game lasted 00:00:49 (450 turns).

mopl the Sneak (Vine Stalker Brigand)                Turns: 450, Time: 00:00:50

Health: 5/15       AC:  3    Str: 13    XL:     2   Next: 8%
Magic:  2/3        EV: 16    Int: 11    God:
Gold:   35         SH:  0    Dex: 15    Spells: 1/1 levels left

rFire   . . .      SeeInvis .    a - +2 dagger
rCold   . . .      Faith    .    (no shield)
rNeg    . . .      Spirit   +    b - +0 robe
rPois   .          Reflect  .    (no helmet)
rElec   .          Harm     .    c - +0 cloak
rCorr   .          Rampage  .    (no gloves)
Will    .....                    (no boots)
Stlth   +++                      (no amulet)
HPRegen 0.22/turn                g - +5 ring of evasion
MPRegen 0.08/turn                (no ring)

@: lethally poisoned (5 -> -15)
A: fangs 2, magic shield, antimagic bite, no potion heal 2
a: no special abilities


You were on level 1 of the Dungeon.
You visited 1 branch of the dungeon, and saw 1 of its levels.

You collected 35 gold pieces.

Inventory:

Hand Weapons
 a - a +2 dagger (weapon)
Missiles
 d - 9 poisoned darts (quivered)
 e - 3 curare-tipped darts
Armour
 b - a +0 robe (worn)
 c - a +0 cloak (worn)
Jewellery
 g - a +5 ring of evasion (left hand)
Scrolls
 f - 3 scrolls of vulnerability {unknown}
 h - a scroll of noise {unknown}
 i - a scroll of brand weapon {unknown}
 j - a scroll of teleportation {unknown}
 k - a scroll of identify {unknown}


   Skills:
 - Level 1.7 Fighting
 * Level 2.1 Short Blades
 + Level 2.0 Throwing
 - Level 0.7 Dodging
 + Level 5.0 Stealth


You had one spell level left.
You didn't know any spells.
Your spell library was empty.

Dungeon Overview and Level Annotations

Branches:
Dungeon (1/15)

Altars:

Shops:
D:1 [


Innate Abilities, Weirdness & Mutations

You have extremely sharp teeth.
When hurt, damage is shared between your health and your magic reserves.
Your bite disrupts and absorbs the magic of your enemies.
Potions cannot restore your health.


Message History

You kill the ball python!
Your Stealth skill increases to level 5!
You have reached level 2!
HP restored.
Found 5 stones.
Found a stone staircase leading down.
You see here 5 stones.
A ball python comes into view.
A goblin and a kobold come into view.
The kobold is wielding a +2 short sword of venom.
Found an amethyst potion.
Found 10 gold pieces.
The ball python hisses angrily.
You hear a shout! x2
A kobold comes into view. It is wielding a +0 club.
A hobgoblin comes into view.
The ball python misses you. The ball python closely misses you.
The hobgoblin moves out of view.
The goblin shouts!
The kobold shouts!
You hit the ball python.
You kill the ball python!
The kobold throws a stone.
The stone misses you.
The kobold throws a stone.
The stone barely misses you.
Your Throwing skill increases to level 2!
The kobold throws a stone.
The stone closely misses you.
You see here a ball python corpse.
The kobold hits you with a +2 short sword of venom.
You are lethally poisoned!
You hit the kobold but do no damage.
You feel very sick.
The kobold hits you with a +2 short sword of venom.
You are more poisoned.
You are too injured to fight recklessly!
You are too injured to fight recklessly!
You are too injured to fight recklessly!
You are too injured to fight recklessly!
You are too injured to fight recklessly!
You are too injured to fight recklessly!
You are too injured to fight recklessly!
You aren't carrying any potions.
Are you sure you want to abandon this character and quit the game? (Confirm with "yes".)

.#..#..#♣#♣#.## #♣
.......# ##♣####
###.#....#####......
........#(....#####
####.###....##### #
#.........#....# #
.###.#..#......##.#
# ........+......# #
# #.@†....>.# #
#K#.......# #
!gg#K......# #
#$..##.......# #
#.... #.......# #
#.##. ..####+## ...
# #.## .# .


You could see a hobgoblin, a goblin and 2 kobolds.

Vanquished Creatures
  A bat (D:1)
  2 goblins (D:1)
  A quokka (D:1)
  2 ball pythons (D:1)
  A rat (D:1)
7 creatures vanquished.

Notes
Turn   | Place    | Note
-------+----------+-------------------------------------------
     0 | D:1      | mopl the Vine Stalker Brigand began the quest for the Orb.
     0 | D:1      | Reached XP level 1. HP: 11/11 MP: 2/2
    97 | D:1      | Found Lihurgh's Antique Armour Emporium.
   105 | D:1      | Reached skill level 2 in Short Blades
   402 | D:1      | Reached skill level 5 in Stealth
   402 | D:1      | Reached XP level 2. HP: 12/15 MP: 1/3
   447 | D:1      | Reached skill level 2 in Throwing
   450 | D:1      | Quit the game

Illustrated notes

Levels and vault maps discovered:
D:1:      saegor_arrival_under_anarchy, layout_basic, serial_shops, shop,
          minmay_hexomino_p4

Skill      XL: |  1  2 |
---------------+-------+-----
Short Blades   | 2 |  2.1
Stealth        | 5 |  5.0
Throwing       | 2 |  2.0
Fighting       | |  1.7
Dodging        | |  0.7

Action                     || total
---------------------------++-------
  Melee: Dagger            ||    12
         Bite              ||     1
   Stab: Sleeping          ||     1
  Dodge: Dodged            ||    12

Table legend: (Time is in decaauts)
 A = Elapsed time spent in this place.
 B = Non-inter-level travel time spent in this place.
 C = Inter-level travel time spent in this place.
 D = Time resting spent in this place.
 E = Time spent auto-exploring this place.
 F = Levels seen in this place.
 G = Mean time per level.
                   A        B        C        D        E       F      G
               +--------+--------+--------+--------+--------+-----+--------+
         Total |    449 |    449 |      0 |      0 |    395 |   1 |  449.0 |
       Dungeon |    449 |    449 |      0 |      0 |    395 |   1 |  449.0 |
               +--------+--------+--------+--------+--------+-----+--------+

Top non-repeatable levels by time:
     D:1: 449 daAuts
